[Event "Team 45 45 League T81"]
[Site "Internet Chess Club"]
[Date "2019.07.22"]
[Round "4"]
[White "WzeroMN"]
[Black "oldbookseller"]
[Result "1-0"]
[WhiteElo "1043"]
[BlackElo "1012"]
[Opening "Ruy Lopez: classical (Cordel) defense"]
[ECO "C64"]
[Time "14:34:48"]
[TimeControl "2700+45"]

1. e4 e5 2. Nf3 Nc6 3. Bb5 Bc5 4. Bxc6 dxc6 5. h3 Nf6 6. d3 Be6 7. O-O O-O 8.
Nc3 Ng4 9. Bg5 Qd6 10. hxg4 Bxg4 11. Be3 Qg6 12. Bxc5 Bh3 13. g3 Rfe8 14. Nh4
Qg5 15. Re1 Re6 16. Qc1 Qg4 17. Qd1 Qg5 18. Be3 Qe7 19. Qf3 Rf6 20. Qe2 h6 21.
d4 exd4 22. Bxd4 Re6 23. Kh2 Qd7 24. Rad1 Rd6 25. Nf5 Bxf5 26. exf5 Qxf5 27. Be3
Rg6 28. Qf1 Qh5+ 29. Qh3 Qf3 30. Qg2 Qh5+ 31. Kg1 Re8 32. Qh2 Qf3 33. Ne2 Re4
34. Rd8+ Kh7 35. Nf4 h5 36. Nxg6 fxg6 37. Rd4 h4 38. Rxe4 Qxe4 39. Qxh4+ Kg8 40.
Qxe4 {Black resigns} 1-0

[Event "Team 45 45 League T81"]
[Site "Internet Chess Club"]
[Date "2019.07.18"]
[Round "4"]
[White "kabindra"]
[Black "joaoazm"]
[Result "0-1"]
[WhiteElo "1652"]
[BlackElo "1777"]
[Opening "Petrov: Nimzovich attack"]
[ECO "C42"]
[Time "18:04:35"]
[TimeControl "2700+45"]

1. e4 e5 2. Nf3 Nf6 3. Nxe5 d6 4. Nf3 Nxe4 5. Nc3 Nxc3 6. dxc3 Be7 7. Bc4 O-O 8.
O-O Be6 9. Bxe6 fxe6 10. Qe2 e5 11. Be3 c6 12. Rad1 Nd7 13. c4 Qa5 14. a3 Qc7
15. Ng5 Bxg5 16. Bxg5 Nf6 17. Qd3 Rae8 18. f3 Re6 19. b3 Qa5 20. Qf5 Qc5+ 21.
Kh1 Re7 22. a4 d5 23. cxd5 cxd5 24. Rfe1 Qc7 25. Bxf6 Rxf6 26. Qd3 Rd7 27. Qe2
Re6 28. h3 Qc3 29. Rd3 Qb4 30. Red1 d4 31. c3 Qxb3 32. cxd4 Qxa4 33. dxe5 Rxd3
34. Rxd3 Qa1+ 35. Rd1 Qxe5 36. Qc4 b5 37. Rd8+ Kf7 38. Rd7+ Kf8 39. Qb4+ Ke8 40.
Rxa7 Qe1+ 41. Qxe1 Rxe1+ 42. Kh2 Re7 43. Ra3 Rb7 44. Rb3 b4 45. Kg3 Ke7 46. Kf4
Kd6 47. Ke4 Kc5 48. Kd3 Rd7+ 49. Kc2 Kc4 50. Rb1 Ra7 51. Rb2 Ra1 52. Rb1 Rxb1
53. Kxb1 Kd4 54. Kb2 Ke3 {White resigns} 0-1

[Event "Team 45 45 League T81"]
[Site "Internet Chess Club"]
[Date "2019.07.20"]
[Round "4"]
[White "WillC"]
[Black "isolani"]
[Result "1-0"]
[WhiteElo "1663"]
[BlackElo "1338"]
[Opening "King's Indian: East Indian defense"]
[ECO "A48"]
[Time "07:13:24"]
[TimeControl "2700+45"]

1. d4 Nf6 2. Nf3 g6 3. b3 Bg7 4. Bb2 d5 5. e3 O-O 6. Bd3 e6 7. Nbd2 Nbd7 8. O-O
c6 9. c4 b6 10. Rc1 Bb7 11. Qe2 Re8 12. Ne5 Nxe5 13. dxe5 Nd7 14. f4 f6 15. exf6
Nxf6 16. Nf3 Nd7 17. Bxg7 Kxg7 18. e4 Nc5 19. Bb1 Qe7 20. Rce1 Rad8 21. f5 exf5
22. Qb2+ d4 23. exf5 Qd6 24. fxg6 hxg6 25. Rd1 Ne6 26. Qc2 Nf4 27. Nxd4 Nh3+ 28.
Kh1 {Black resigns} 1-0

[Event "Team 45 45 League T81"]
[Site "Internet Chess Club"]
[Date "2019.07.19"]
[Round "4"]
[White "Conjurer"]
[Black "howah45"]
[Result "1-0"]
[WhiteElo "1240"]
[BlackElo "1190"]
[Opening "Queen's pawn, Mason variation"]
[ECO "D00"]
[Time "15:31:31"]
[TimeControl "2700+45"]

1. d4 d5 2. Bf4 Bf5 3. e3 e6 4. Nf3 a6 5. a3 c5 6. b4 b6 7. c4 Nf6 8. Nc3 Nc6 9.
Ne5 Nxe5 10. Bxe5 Bd6 11. bxc5 bxc5 12. Qa4+ Ke7 13. cxd5 Bxe5 14. dxe5 Nxd5 15.
Nxd5+ Qxd5 16. Rd1 Qb7 17. Qh4+ Ke8 18. Bc4 Qb6 19. O-O Qc7 20. Rd6 Qd7 21. Rxd7
Kxd7 22. Rd1+ Ke8 23. Bb3 g6 24. Qa4+ Kf8 25. Qc6 Kg7 26. Qxc5 Rac8 27. Qa7 Ra8
28. Qe7 Rhe8 29. Qf6+ Kg8 30. h3 Rab8 31. Ba4 Rec8 32. Rd7 Rf8 33. f3 Bb1 34. h4
a5 35. g4 Rb2 36. Rd8 Rxd8 37. Qxd8+ Kg7 38. Qxa5 Bd3 39. Qc3 Rb1+ 40. Kh2 Bf1
41. h5 gxh5 42. gxh5 Be2 43. Qc2 Re1 44. Qe4 Rf1 45. Qg4+ Kf8 46. Bc6 Rf2+ 47.
Kg3 Rf1 48. Qb4+ Kg7 49. h6+ Kxh6 50. Qf8+ Kg5 51. Qg7+ Kh5 52. Qxh7+ Kg5 53.
f4+ {Black resigns} 1-0

[Event "Team 45 45 League T81"]
[Site "Internet Chess Club"]
[Date "2019.07.22"]
[Round "4"]
[White "Portola"]
[Black "DaveTheRook"]
[Result "1/2-1/2"]
[WhiteElo "1758"]
[BlackElo "1594"]
[Opening "Queen's pawn game"]
[ECO "A46"]
[Time "17:01:13"]
[TimeControl "2700+45"]

1. d4 Nf6 2. Nf3 e6 3. c3 b6 4. Bg5 Be7 5. Nbd2 Bb7 6. e3 O-O 7. Bd3 h6 8. Bh4
d5 9. O-O Ba6 10. Bxa6 Nxa6 11. Ne5 Nb8 12. Qc2 Nfd7 13. Bxe7 Qxe7 14. Ndf3 Nf6
15. a3 Qe8 16. c4 Nc6 17. cxd5 Nxe5 18. Nxe5 Nxd5 19. Qc6 Qxc6 20. Nxc6 Rfe8 21.
Rfc1 Ne7 22. Rc2 Nxc6 23. Rxc6 Re7 24. Rac1 Rc8 25. b4 Kf8 26. a4 Ke8 27. b5 Kd8
28. a5 Rd7 29. a6 Rd5 30. Rb1 Rd6 31. Rbc1 Rd5 32. Rb1 Rd6 33. Rbc1 Rd5 34. Rb1
{Game drawn by repetition} 1/2-1/2

[Event "Team 45 45 League T81"]
[Site "Internet Chess Club"]
[Date "2019.07.21"]
[Round "4"]
[White "pokerram"]
[Black "rubo"]
[Result "1-0"]
[WhiteElo "1576"]
[BlackElo "1516"]
[Opening "Caro-Kann: advance variation"]
[ECO "B12"]
[Time "21:01:02"]
[TimeControl "2700+45"]

1. e4 c6 2. d4 d5 3. e5 Bf5 4. h4 h6 5. g4 Bh7 6. e6 fxe6 7. Bd3 Bxd3 8. Qxd3
Nf6 9. Nf3 Ne4 10. Ne5 Nd7 11. f3 Nxe5 12. dxe5 Nc5 13. Qg6+ Kd7 14. Be3 Na6 15.
Nd2 Qa5 16. O-O c5 17. Rfd1 Qd8 18. Ne4 Qe8 19. Rxd5+ exd5 20. e6+ Kc6 21. Qf5
g6 22. Qe5 Rg8 23. c4 Rd8 24. Nc3 d4 25. Qe4+ Kc7 26. Bf4+ Kb6 27. Nd5+ Rxd5 28.
cxd5 g5 29. hxg5 hxg5 30. Bg3 Qg6 31. Qe2 Nb4 32. Qe5 Bg7 33. Qc7+ Kb5 34. Qxb7+
Kc4 35. Rc1+ Kd3 36. Qb5+ Kd2 37. Qf1 Nd3 38. Qd1+ Ke3 39. Rc2 Nf4 40. Bf2#
{Black checkmated} 1-0

[Event "Team 45 45 League T81"]
[Site "Internet Chess Club"]
[Date "2019.07.21"]
[Round "4"]
[White "g8wrb"]
[Black "mongmong"]
[Result "1/2-1/2"]
[WhiteElo "1302"]
[BlackElo "1532"]
[Opening "Nimzovich-Larsen attack"]
[ECO "A01"]
[Time "10:03:17"]
[TimeControl "2700+45"]

1. b3 e6 2. Bb2 Nf6 3. Nf3 c5 4. e3 Be7 5. Nc3 O-O 6. Bb5 a6 7. Be2 b6 8. O-O
Bb7 9. Rc1 Nc6 10. d3 d5 11. e4 dxe4 12. dxe4 Nd4 13. e5 Nxe2+ 14. Qxe2 Nd5 15.
Rcd1 Qc8 16. Na4 Qc6 17. c4 Nf4 18. Qe3 Ng6 19. Rd3 Rfd8 20. Rfd1 Rxd3 21. Rxd3
Rd8 22. Bc3 Rxd3 23. Qxd3 Nh4 24. Nxh4 Bxh4 25. f3 h6 26. Nb2 Bg5 27. Nd1 Bc8
28. Bd2 Be7 29. Nf2 Qd7 30. Qxd7 Bxd7 31. Ne4 Bc6 32. Nc3 b5 33. cxb5 axb5 34.
Kf2 Kf8 35. Ke3 Ke8 36. Ne4 Kd7 37. Kd3 Kc7 38. Ba5+ Kb7 39. Bd2 Kb6 40. Kc3 Bd5
41. Bf4 Bxe4 42. fxe4 Ka5 43. Bd2 Bd8 44. h3 Bc7 45. Bf4 g5 46. Bh2 f6 47. g4
Bxe5+ 48. Bxe5 fxe5 49. a3 Kb6 50. Kd3 Kc6 51. Kc3 Kb6 52. Kd3 Ka6 53. Kc3 Ka5
54. Kd3 {Game drawn by mutual agreement} 1/2-1/2

[Event "Team 45 45 League T81"]
[Site "Internet Chess Club"]
[Date "2019.07.19"]
[Round "4"]
[White "Megasus"]
[Black "nosir"]
[Result "1-0"]
[WhiteElo "1533"]
[BlackElo "1392"]
[Opening "Réti opening"]
[ECO "A04"]
[Time "13:00:29"]
[TimeControl "2700+45"]

1. Nf3 c5 2. e3 Nf6 3. d4 cxd4 4. exd4 e6 5. a3 Be7 6. Nbd2 d5 7. h3 Nbd7 8. b3
Qc7 9. Bb2 O-O 10. Bd3 Re8 11. Ne5 Nh5 12. Qxh5 g6 13. Qe2 Bd6 14. h4 a6 15. h5
Qd8 16. hxg6 fxg6 17. O-O-O Nxe5 18. dxe5 Be7 19. Qg4 Kg7 20. Rxh7+ {Black
resigns} 1-0

[Event "Team 45 45 League T81"]
[Site "Internet Chess Club"]
[Date "2019.07.22"]
[Round "4"]
[White "rubo"]
[Black "CMAlge"]
[Result "1-0"]
[WhiteElo "1524"]
[BlackElo "1326"]
[Opening "Queen's pawn, Mason variation"]
[ECO "D00"]
[Time "20:00:58"]
[TimeControl "2700+45"]

1. d4 d5 2. Bf4 Nf6 3. e3 c5 4. c3 Nc6 5. Nd2 Bf5 6. Ngf3 Qb6 7. Qb3 c4 8. Qxb6
axb6 9. Be2 e6 10. Nh4 Be4 11. O-O Be7 12. Nxe4 Nxe4 13. Nf3 g5 14. Bg3 h5 15.
h3 g4 16. hxg4 Nxg3 17. fxg3 Bd6 18. Kf2 hxg4 19. Ne1 Kd7 20. a3 Ne7 21. Bxg4
Rag8 22. Bh3 Bxg3+ 23. Ke2 Nc6 24. Rxf7+ Ne7 25. Nc2 Rf8 26. Raf1 Rxf7 27. Rxf7
Bh4 28. Nb4 Kd6 29. Nc2 Rg8 30. Ne1 Rg3 31. Nf3 Nf5 32. Rxf5 Be7 33. Rf7 Rg8 34.
Ne5 Rf8 35. Rxe7 {Black resigns} 1-0

[Event "Team 45 45 League T81"]
[Site "Internet Chess Club"]
[Date "2019.07.20"]
[Round "4"]
[White "OGO"]
[Black "g8wrb"]
[Result "0-1"]
[WhiteElo "1209"]
[BlackElo "1290"]
[Opening "Nimzo-Indian defense"]
[ECO "E20"]
[Time "10:01:13"]
[TimeControl "2700+45"]

1. d4 e6 2. c4 Nf6 3. Nc3 Bb4 4. Bd2 O-O 5. e3 b6 6. Be2 Bb7 7. Nf3 d5 8. O-O
Nc6 9. Rc1 Qe7 10. a3 Bd6 11. cxd5 exd5 12. Qc2 Rfe8 13. Bb5 Qe6 14. h3 Na5 15.
b4 Nc4 16. Bxe8 Rxe8 17. Nb1 b5 18. Rfe1 Ne4 19. Qd3 Qg6 20. Qe2 f5 21. Nh4 Qg5
22. Nf3 Qg6 23. Nh4 Qf6 24. Nf3 g5 25. Nh2 Re7 26. Kh1 Bg3 27. Kg1 Bxf2+ 28. Kh1
Ng3# {White checkmated} 0-1

[Event "Team 45 45 League T81"]
[Site "Internet Chess Club"]
[Date "2019.07.19"]
[Round "4"]
[White "Janna"]
[Black "stantheman59"]
[Result "0-1"]
[WhiteElo "1271"]
[BlackElo "1244"]
[Opening "Sicilian"]
[ECO "B50"]
[Time "19:04:52"]
[TimeControl "2700+45"]

1. e4 c5 2. Nf3 d6 3. Nc3 a6 4. Bc4 e6 5. Bb3 Be7 6. O-O Nf6 7. d3 O-O 8. Be3 b6
9. a4 Nc6 10. d4 d5 11. exd5 exd5 12. dxc5 bxc5 13. Nxd5 Rb8 14. Nxf6+ Bxf6 15.
Bxc5 Re8 16. Qxd8 Rxd8 17. c3 Rxb3 18. Rad1 Rxd1 19. Rxd1 h6 20. Rd6 Rxb2 21. h3
Bb7 22. Rd7 Bxc3 23. Ba3 Rb1+ 24. Kh2 Ne5 25. Rc7 Nxf3+ 26. gxf3 Be5+ 27. Kg2
Bxc7 {White resigns} 0-1

[Event "Team 45 45 League T81"]
[Site "Internet Chess Club"]
[Date "2019.07.20"]
[Round "4"]
[White "kingsrook"]
[Black "SeniorCitizen"]
[Result "1-0"]
[WhiteElo "1242"]
[BlackElo "1160"]
[Opening "QGD: exchange, positional line"]
[ECO "D35"]
[Time "14:00:32"]
[TimeControl "2700+45"]

1. d4 d5 2. c4 e6 3. Nc3 Nf6 4. cxd5 exd5 5. Bg5 Be7 6. e3 O-O 7. Bd3 Nbd7 8.
Nge2 c5 9. dxc5 Nxc5 10. Bc2 Be6 11. Nf4 Nce4 12. Nxe6 fxe6 13. Nxe4 Nxe4 14.
Bxe7 Qxe7 15. Bxe4 Qb4+ 16. Qd2 Qxe4 17. O-O Qe5 18. Qd4 Qxd4 19. exd4 Rfc8 20.
Rac1 Rc6 21. Rc5 Rxc5 22. dxc5 Rc8 23. Rc1 Kf7 24. b4 Ke7 25. f3 b6 26. Kf2 bxc5
27. bxc5 Rc6 28. Rc2 Kf6 29. Ke3 g5 30. Kd4 Kf5 31. Re2 Kf6 32. Rb2 Rc7 33. g4
h6 34. h3 Kf7 35. Re2 Kf6 36. Rc2 Rc6 37. Rf2 Kg6 38. f4 gxf4 39. Rxf4 Kg5 40.
Rf3 h5 41. Rc3 hxg4 42. hxg4 Kxg4 43. Ke5 Kg5 44. Rg3+ Kh6 45. Rh3+ Kg6 46. Rg3+
Kh6 47. Kf6 Rxc5 48. Rh3# {Black checkmated} 1-0

[Event "Team 45 45 League T81"]
[Site "Internet Chess Club"]
[Date "2019.07.21"]
[Round "4"]
[White "clarinetref"]
[Black "Chess4Him"]
[Result "1-0"]
[WhiteElo "1513"]
[BlackElo "1499"]
[Opening "Benko's opening"]
[ECO "A00"]
[Time "21:02:57"]
[TimeControl "2700+45"]

1. g3 g6 2. Bg2 Bg7 3. e4 d6 4. d4 Nf6 5. Ne2 O-O 6. h3 Nbd7 7. Nbc3 c5 8. Be3
Rb8 9. a4 b6 10. Qd2 Bb7 11. O-O a6 12. f3 cxd4 13. Bxd4 Re8 14. Bf2 h6 15. Rab1
Rc8 16. Rfd1 Ne5 17. b3 Kh7 18. Nf4 Ned7 19. Nfd5 Nxd5 20. Nxd5 Rf8 21. c4 Bxd5
22. exd5 Nc5 23. Bd4 f6 24. Qe3 Qd7 25. Re1 Rfe8 26. Bxc5 bxc5 27. h4 Rb8 28.
Kh2 f5 29. Bh3 Rb7 30. g4 Bd4 31. Qe6 Be5+ 32. Rxe5 dxe5 33. Qf7+ Kh8 34. Qxg6
e6 35. gxf5 Qf7 36. Qxh6+ Qh7 37. Qf6+ Rg7 38. dxe6 Re7 39. Rd1 Qh5 40. Bg4 Qe8
41. h5 Kg8 42. Qxe5 Rh7 43. f6 Rxh5+ 44. Bxh5 Rxe6 45. Qg5+ Kh8 46. Qg7# {Black
checkmated} 1-0

[Event "Team 45 45 League T81"]
[Site "Internet Chess Club"]
[Date "2019.07.20"]
[Round "4"]
[White "BrerRabbit"]
[Black "sdcohle"]
[Result "1-0"]
[WhiteElo "1384"]
[BlackElo "1328"]
[Opening "Queen's pawn game, Darooha variation "]
[ECO "D11"]
[Time "18:02:14"]
[TimeControl "2700+45"]

1. Nf3 d5 2. d4 Nf6 3. c4 c6 4. Qc2 g6 5. Bf4 Bg7 6. e3 O-O 7. Qb3 Nbd7 8. Nc3
e6 9. Be2 Rb8 10. Bxb8 Nxb8 11. O-O Nbd7 12. Rac1 b6 13. cxd5 cxd5 14. Qa3 a5
15. Rfe1 Bb7 16. Nb5 Ne8 17. Nd6 Ba8 18. Nxe8 Rxe8 19. Bb5 Rf8 20. Qd6 Nf6 21.
Qxd8 Rxd8 22. Rc7 Ne4 23. Rec1 Nd6 24. Bc6 Bf6 25. Bxa8 Rxa8 26. b3 Kg7 27. R7c6
Nf5 28. Rxb6 h5 29. Rbc6 g5 30. Rc7 g4 31. Ne5 Nh6 32. R1c6 Re8 33. Rc8 Re7 34.
R6c7 Nf5 35. Rxe7 Bxe7 36. Nc6 Bg5 37. Nxa5 h4 38. b4 g3 39. Rc3 gxf2+ 40. Kxf2
Nd6 41. Rb3 Ne4+ 42. Ke2 f5 43. b5 f4 44. exf4 Bxf4 45. h3 Ng3+ 46. Rxg3+ Bxg3
47. b6 Kf7 48. b7 Bb8 49. Nc6 Bc7 50. b8=Q Bxb8 51. Nxb8 Kf6 52. Kf3 Kf5 53. Nc6
Kf6 54. Kg4 Kg6 55. a4 e5 56. Nxe5+ Kf6 57. a5 {Black resigns} 1-0

[Event "Team 45 45 League T81"]
[Site "Internet Chess Club"]
[Date "2019.07.18"]
[Round "4"]
[White "gregorgg"]
[Black "pagliaci"]
[Result "1-0"]
[WhiteElo "1162"]
[BlackElo "1243"]
[Opening "King's Indian: London system"]
[ECO "A45"]
[Time "07:16:03"]
[TimeControl "2700+45"]

1. d4 Nf6 2. Bf4 g6 3. Nf3 Bg7 4. e3 d5 5. c4 O-O 6. cxd5 Nxd5 7. Be5 Nf6 8. Bd3
c5 9. dxc5 Nc6 10. Bf4 Qa5+ 11. Nc3 Nd5 12. Rc1 Bxc3+ 13. bxc3 Nxc3 14. Qd2 Nxa2
15. Qxa5 Nxa5 16. Ra1 Re8 17. Rxa2 Nc6 18. Bh6 Nb4 19. Ra3 e5 20. e4 Rd8 21.
Nxe5 f6 22. Bc4+ Kh8 23. Nf7+ Kg8 24. Nxd8+ Kh8 25. O-O Bd7 26. Nxb7 Bc6 27. Nd6
a5 28. Rb1 Nc2 29. Rab3 Nb4 30. Bd5 Bxd5 31. exd5 Rd8 32. Nf7+ Kg8 33. Nxd8 f5
34. Re3 Nxd5 35. Re8# {Black checkmated} 1-0

[Event "Team 45 45 League T81"]
[Site "Internet Chess Club"]
[Date "2019.07.17"]
[Round "4"]
[White "jeffk"]
[Black "seldredg"]
[Result "0-1"]
[WhiteElo "1134"]
[BlackElo "1360"]
[Opening "Pirc defense"]
[ECO "B07"]
[Time "19:01:26"]
[TimeControl "2700+45"]

1. e4 d6 2. d4 Nf6 3. Nc3 Nbd7 4. Bb5 c6 5. Ba4 Qc7 6. Nf3 h6 7. O-O e5 8. d5
Be7 9. b4 a6 10. a3 b5 11. Bb3 c5 12. Bd2 c4 13. Ba2 Nf8 14. Qe2 Bg4 15. a4 Qd7
16. axb5 axb5 17. h3 Bh5 18. Rfc1 Ng6 19. Qf1 Bxf3 20. gxf3 Nh4 21. Qe2 Qxh3
{White resigns} 0-1

[Event "Team 45 45 League T81"]
[Site "Internet Chess Club"]
[Date "2019.07.22"]
[Round "4"]
[White "Ajolote"]
[Black "cityprosecutor"]
[Result "1-0"]
[WhiteElo "1946"]
[BlackElo "1662"]
[Opening "Pirc: Sveshnikov system"]
[ECO "B07"]
[Time "18:00:52"]
[TimeControl "2700+45"]

1. e4 d6 2. d4 Nf6 3. Nc3 g6 4. g3 Nc6 5. Bg2 e5 6. Nge2 exd4 7. Nxd4 Ne5 8. Bg5
c6 9. h3 h6 10. Bxf6 Qxf6 11. O-O Bg7 12. Qe2 O-O 13. Rad1 a6 14. f4 Nd7 15. Nf3
Re8 16. Qd2 Bf8 17. g4 Rb8 18. g5 hxg5 19. Nxg5 Qg7 20. Qf2 Be7 21. Nf3 b5 22.
a3 a5 23. Nd4 Bb7 24. e5 dxe5 25. fxe5 b4 26. e6 fxe6 27. Nxe6 Bh4 28. Qxh4 Rxe6
29. axb4 axb4 30. Ne4 Ba6 31. Rf2 Bb5 32. Ng5 Re7 33. Rfd2 Rbe8 34. Bxc6 Bxc6
35. Qc4+ Kh8 36. Qxc6 Ne5 37. Qe4 Qf6 38. Qh4+ Kg8 39. Rf2 Qb6 {Black resigns}
1-0

[Event "Team 45 45 League T81"]
[Site "Internet Chess Club"]
[Date "2019.07.19"]
[Round "4"]
[White "az2112"]
[Black "fireball"]
[Result "1-0"]
[WhiteElo "1453"]
[BlackElo "1515"]
[Opening "Budapest defense declined"]
[ECO "A51"]
[Time "21:06:09"]
[TimeControl "2700+45"]

1. d4 Nf6 2. c4 e5 3. Bg5 exd4 4. Qxd4 Be7 5. Nf3 Nc6 6. Qh4 h6 7. e4 O-O 8. Bd2
Nh7 9. Qg3 Bf6 10. Bxh6 g6 11. Bxf8 Bxb2 12. Bh6 Bxa1 13. e5 Qe7 14. Bd3 Nxe5
15. Nxe5 Bxe5 16. Qe3 Bf6 17. O-O Qxe3 18. fxe3 d6 19. Be4 c6 20. Bf4 Be5 21.
Nd2 Be6 22. Rb1 Bxf4 23. exf4 d5 24. cxd5 cxd5 25. Bf3 b6 26. Nc4 Rd8 27. Ne5
Nf6 28. Re1 Rc8 29. Nxg6 Rc2 30. Ne7+ Kg7 31. f5 Bd7 32. Nxd5 Bxf5 33. Ne3 Rc5
34. Nxf5+ Rxf5 35. Re7 Ra5 36. Re2 Ra3 37. Rb2 Nd7 38. Bd5 Nc5 39. Rf2 f6 40.
Rf3 Rxf3 41. Bxf3 b5 42. Bc6 b4 43. Bd5 a5 44. Kf2 Kg6 45. Ke3 Kf5 46. Kd4 Na4
47. Bb3 Nc3 48. Bc4 Kf4 49. a3 Nd1 50. axb4 axb4 51. g3+ Kg4 52. Be2+ Kh3 53.
Bxd1 Kxh2 54. g4 Kg3 55. Ke4 b3 56. Kf5 b2 57. Bc2 Kh4 58. Kf4 Kh3 59. Bb1 Kh4
60. Bc2 Kh3 61. Be4 Kh4 62. Bf5 b1=Q 63. Bxb1 Kh3 64. Bf5 Kh4 65. Be6 {Black
resigns} 1-0

[Event "Team 45 45 League T81"]
[Site "Internet Chess Club"]
[Date "2019.07.18"]
[Round "4"]
[White "kidviper"]
[Black "calsal"]
[Result "1-0"]
[WhiteElo "1845"]
[BlackElo "1823"]
[Opening "King's Indian: orthodox, Aronin-Taimanov variation (Yugoslav attack / Mar del Plata variation)"]
[ECO "E97"]
[Time "19:06:03"]
[TimeControl "2700+45"]

1. d4 Nf6 2. Nf3 g6 3. c4 Bg7 4. Nc3 O-O 5. e4 d6 6. Be2 e5 7. O-O Nc6 8. dxe5
dxe5 9. Bg5 Bg4 10. Qxd8 Raxd8 11. Nd5 Nxe4 12. Bxd8 Rxd8 13. Rad1 Nd6 14. c5
Nf5 15. Ne3 Nxe3 16. fxe3 Rc8 17. Bc4 e4 18. Bxf7+ Kh8 19. h3 exf3 20. hxg4 Ne5
21. Bd5 fxg2 22. Bxg2 Re8 23. Bxb7 Nxg4 24. Rd7 Nxe3 25. Rff7 Nf5 26. Rxc7 Bd4+
27. Kf1 Ne3+ 28. Ke2 Nd5+ 29. Kd3 Nxc7 30. Kxd4 Ne6+ 31. Kd5 Kg8 32. Rd7 Nf4+
33. Kd6 Re6+ 34. Kc7 g5 35. Kb8 Re8+ 36. Kxa7 Re5 37. c6 Nd5 38. Rxd5 Rxd5 39.
c7 Rc5 40. Kb6 Rxc7 41. Kxc7 {Black resigns} 1-0

[Event "Team 45 45 League T81"]
[Site "Internet Chess Club"]
[Date "2019.07.20"]
[Round "4"]
[White "BrianWood"]
[Black "kidcobra"]
[Result "1-0"]
[WhiteElo "1662"]
[BlackElo "1819"]
[Opening "King's Indian: orthodox, Aronin-Taimanov, 9.Ne1"]
[ECO "E98"]
[Time "22:15:39"]
[TimeControl "2700+45"]

1. d4 Nf6 2. Nf3 d6 3. c4 g6 4. Nc3 Bg7 5. e4 O-O 6. Be2 e5 7. O-O Nc6 8. d5 Ne7
9. Ne1 Nd7 10. Nd3 f5 11. f3 f4 12. b4 a5 13. b5 g5 14. Bb2 Rf6 15. a4 Rh6 16.
Qc2 Qe8 17. h3 Nf6 18. c5 Qh5 19. Nf2 Qh4 20. Ncd1 Ng6 21. Ng4 Rh5 22. Ndf2 Bxg4
23. fxg4 Qg3 24. Ra3 Qh4 25. gxh5 Nxh5 26. Bxh5 Qxh5 27. cxd6 cxd6 28. Qd1 Qh4
29. Qg4 Qh6 30. Qe6+ Kh8 31. Rc1 Qh5 32. Rc8+ Rxc8 33. Qxc8+ Bf8 34. Qg4 Qh6 35.
Rc3 f3 36. Qxf3 Qg7 37. Rc8 b6 38. Qf5 h5 39. Qxg5 Kg8 40. Bc1 Qf7 41. Qf5 Qg7
42. Bg5 h4 43. Ng4 Kh7 44. Nf6+ Kh8 45. Nh5 Qg8 46. Bh6 Nf4 47. Bg7+ Bxg7 48.
Rxg8+ Kxg8 49. Qg4 Nxh5 50. Qxh5 Kf8 51. Qxh4 Kf7 52. Qh5+ Ke7 53. Qf5 Bf8 54.
g4 Ke8 55. g5 Bg7 56. h4 Ke7 57. h5 Ke8 58. h6 Bh8 59. g6 Kd8 60. Qf8+ Kd7 61.
Qxh8 Ke7 62. Qg7+ Ke8 63. h7 Kd8 64. h8=Q# {Black checkmated} 1-0

[Event "Team 45 45 League T81"]
[Site "Internet Chess Club"]
[Date "2019.07.20"]
[Round "4"]
[White "BJJ"]
[Black "elessar"]
[Result "1/2-1/2"]
[WhiteElo "1437"]
[BlackElo "1628"]
[Opening "French defense"]
[ECO "C00"]
[Time "13:00:26"]
[TimeControl "2700+45"]

1. e4 e6 2. Bc4 d5 3. exd5 exd5 4. Qe2+ Be6 5. Bb3 Nf6 6. d4 Be7 7. Nf3 c6 8.
O-O O-O 9. Re1 Ne4 10. c3 Re8 11. Nbd2 Nxd2 12. Bxd2 Nd7 13. Bc2 h6 14. Rad1 Nf6
15. Ne5 Bd6 16. Bxh6 gxh6 17. Qd2 Bf8 18. Re3 Bg7 19. Rg3 Kf8 20. Qe2 Rc8 21. f4
Bg4 22. Rxg4 Nxg4 23. Qxg4 Bxe5 24. fxe5 Qg5 25. Qf3 Ke7 26. Rf1 Qg7 27. Bf5
Rcd8 28. Qh3 {Game drawn by mutual agreement} 1/2-1/2

[Event "Team 45 45 League T81"]
[Site "Internet Chess Club"]
[Date "2019.07.20"]
[Round "4"]
[White "Demachaeron"]
[Black "KidBoa"]
[Result "1-0"]
[WhiteElo "1729"]
[BlackElo "1337"]
[Opening "Ruy Lopez: Berlin defense, Beverwijk variation"]
[ECO "C65"]
[Time "08:18:27"]
[TimeControl "2700+45"]

1. e4 e5 2. Nf3 Nc6 3. Bb5 Nf6 4. O-O Bc5 5. Nc3 O-O 6. d3 a6 7. Bxc6 dxc6 8.
Nxe5 Bd6 9. Nf3 h6 10. e5 Bg4 11. exf6 Qxf6 12. Ne4 Qg6 13. Nxd6 cxd6 14. Bf4 d5
15. Bg3 Rfe8 16. Qd2 Qf6 17. Qf4 Qxf4 18. Bxf4 Bxf3 19. gxf3 Re2 20. Rac1 d4 21.
Rfe1 Rae8 22. Rxe2 Rxe2 23. Kf1 Re6 24. Re1 Rf6 25. Re4 c5 26. Ke2 g5 27. Bb8
Kh7 28. h3 Kg6 29. f4 h5 30. fxg5 Kxg5 31. Re5+ Rf5 32. Rxf5+ Kxf5 33. Kf3 Kg5
34. Ba7 Kh4 35. Kg2 f5 36. Bxc5 f4 37. Be7# {Black checkmated} 1-0